 Dungeon Crawl Stone Soup version 0.32-a0-607-g64ea0e4219 (webtiles) character file.

Game seed: 5553683650058420943

270268 martty the Peltast (level 19, -9/184 HPs)
             Began as a Minotaur Fighter on Feb 25, 2024.
             Was a High Priest of Okawaru.
             Killed from afar by a deep elf elementalist (55 damage)
             ... with a fireball
             ... on level 3 of the Elven Halls on Mar 4, 2024.
             The game lasted 04:50:05 (51023 turns).

martty the Peltast (Minotaur Fighter)              Turns: 51023, Time: 04:50:06

Health: -9/184     AC: 42    Str: 34    XL:     19   Next: 42%
Magic:  24/24      EV: 11    Int:  5    God:    Okawaru [*****.]
Gold:   2877       SH: 23    Dex: 11    Spells: 18/18 levels left

rFire   . . .        H - +0 broad axe (protect)
rCold   . . .        f - +2 kite shield {AC+3}
rNeg    . . .        I - +8 plate armour of the New World {rElec rPois}
rPois   +            p - +2 hat
rElec   +            j - +0 cloak {Will+}
rCorr   .            G - +0 pair of gloves
SInv    .            c - +2 pair of boots
Will    ++...        F - amulet of reflection Stlth
                     i - +6 ring of strength
HPRegen 0.50/turn    L - +4 ring of slaying
MPRegen 0.19/turn

%: reflection
@: heroic
A: horns 2, retaliatory headbutt
}: 2/15 runes: decaying, serpentine
a: Renounce Religion, Heroism, Finesse, Duel


You were on level 3 of the Elven Halls.
You worshipped Okawaru.
Okawaru was extremely pleased with you.
You visited 7 branches of the dungeon, and saw 34 of its levels.
You also visited: Ossuary, Bailey and Volcano.

You collected 3586 gold pieces.
You spent 709 gold pieces at shops.

Inventory:

Hand Weapons
 a - the +1 war axe "Kacrab" {flame, rF++}
   (You bought it in a shop on level 1 of the Snake Pit)

   rF++:      It greatly protects you from fire.
 g - a +2 war axe of freezing
 H - a +0 broad axe of protection (weapon)
Missiles
 z - 2 throwing nets
 Q - 2 curare-tipped darts
 Y - 37 poisoned darts
Armour
 c - a +2 pair of boots (worn)
 f - a +2 kite shield of protection (worn)
 j - a +0 cloak of willpower (worn)
 p - a +2 hat (worn)
 A - a +2 plate armour of fire resistance
 G - a +0 pair of gloves (worn)
 I - the +8 plate armour of the New World (worn) {rElec rPois}
   (You found it on level 1 of the Lair of Beasts)

   rElec:     It insulates you from electricity.
   rPois:     It protects you from poison.
Jewellery
 b - a ring of protection from cold
 i - a +6 ring of strength (left hand)
 r - a ring of see invisible
 E - a ring of willpower
 F - an amulet of reflection (around neck)
 J - a ring of protection from fire
 L - a +4 ring of slaying (right hand)
 P - a ring of positive energy
Wands
 k - a wand of iceblast (34)
 B - a wand of flame (51)
 C - a wand of mindburst (29)
 N - a wand of light (2)
 U - a wand of digging (29)
 W - a wand of polymorph (47)
Scrolls
 h - 10 scrolls of teleportation
 l - 5 scrolls of enchant weapon
 m - 4 scrolls of fear
 q - 5 scrolls of revelation
 t - 4 scrolls of enchant armour
 x - 2 scrolls of silence
 D - 4 scrolls of amnesia
 R - 7 scrolls of blinking
 S - 5 scrolls of brand weapon
 T - 6 scrolls of fog
Potions
 d - 4 potions of might
 e - 2 potions of heal wounds
 n - 6 potions of magic
 s - 2 potions of enlightenment
 u - 2 potions of lignification
 v - 2 potions of resistance
 w - 3 potions of brilliance
 K - 10 potions of curing
 M - 2 potions of invisibility
 O - 5 potions of haste
 V - 3 potions of ambrosia
 X - 2 potions of berserk rage
 Z - 2 potions of cancellation


   Skills:
 + Level 19.9(24.9) Fighting
 - Level 18.0(23.0) Axes
 + Level 11.9(16.9) Throwing
 + Level 19.9(24.9) Armour
 + Level 19.9(24.9) Shields
 + Level 9.3 Invocations
 - Level 7.2 Evocations


You had 18 spell levels left.
You didn't know any spells.
Your spell library contained the following spells:

 Spells                   Type           Power      Damage    Failure   Level
 Apportation              Tloc           0%         N/A       83%         1
 Magic Dart               Conj           0%         1d3       83%         1
 Sandblast                Erth           0%         2d4       83%         1
 Shock                    Conj/Air       0%         1d3       83%         1
 Sting                    Conj/Alch      0%         1d3       83%         1
 Blink                    Tloc           0%         N/A       92%         2
 Ensorcelled Hibernation  Hex/Ice        0%         N/A       92%         2
 Jinxbite                 Hex            0%         N/A       92%         2
 Mercury Vapours          Alch/Air       0%         N/A       92%         2
 Frozen Ramparts          Ice            0%         1d1       99%         3
 Hailstorm                Conj/Ice       0%         3d5       99%         3
 Inner Flame              Hex/Fire       0%         N/A       99%         3
 Mephitic Cloud           Conj/Alch/Air  0%         N/A       99%         3
 Passwall                 Erth           0%         N/A       99%         3
 Sigil of Binding         Hex            0%         N/A       99%         3
 Swiftness                Air            0%         N/A       99%         3
 Volatile Blastmotes      Fire/Tloc      0%         2d10      99%         3
 Airstrike                Air            0%         2d(0-16)  100%        4
 Dimensional Bullseye     Hex/Tloc       0%         N/A       100%        4
 Fulminant Prism          Conj/Alch      0%         3d5       100%        4
 Iskenderun's Mystic Bla  Conj/Tloc      0%         2d3       100%        4
 Leda's Liquefaction      Alch/Erth      0%         N/A       100%        4
 Petrify                  Alch/Erth      0%         N/A       100%        4
 Alistair's Intoxication  Alch           0%         N/A       100%        5
 Borgnjor's Vile Clutch   Necr/Erth      0%         N/A       100%        5
 Freezing Cloud           Conj/Ice/Air   0%         6-21      100%        5
 Irradiate                Conj/Alch      0%         3d11      100%        5
 Metabolic Englaciation   Hex/Ice        0%         N/A       100%        5
 Eringya's Noxious Bog    Alch           0%         4d6       100%        6
 Orb of Destruction       Conj           0%         9d5       100%        7
 Ignition                 Fire           0%         3d3       100%        8
 Lehudib's Crystal Spear  Conj/Erth      0%         10d2      100%        8
 Call Imp                 Summ           Unusable   N/A       N/A         2
 Call Canine Familiar     Summ           Unusable   N/A       N/A         3
 Summon Ice Beast         Ice/Summ       Unusable   N/A       N/A         3
 Animate Dead             Necr           Unusable   N/A       N/A         4
 Summon Blazeheart Golem  Fire/Summ      Unusable   N/A       N/A         4
 Death Channel            Necr           Unusable   N/A       N/A         6
 Sculpt Simulacrum        Ice/Alch       Unusable   N/A       N/A         6
 Spellforged Servitor     Conj/Summ      Unusable   N/A       N/A         7

Dungeon Overview and Level Annotations

Branches:
Dungeon (15/15)            Temple (1/1) D:7            Lair (5/5) D:8
  Swamp (4/4) Lair:3        Snake (4/4) Lair:3        Slime (0/5) Lair:5
    Orc (2/2) D:9             Elf (3/3) Orc:2        Vaults (0/5) D:14
Ossuary (visited)          Bailey (visited)         Volcano (visited)
 Depths: D:15

Altars:
Ashenzari
Cheibriados
Dithmenos
Elyvilon
Fedhas
Gozag
Hepliaklqana
Kikubaaqudgha
Makhleb
Nemelex Xobeh
Okawaru
Qazlal
Ru
Sif Muna
Trog
Uskayaw
Vehumet
Wu Jian
Xom
Yredelemnul
Zin
The Shining One
Beogh
Jiyva

Shops:
D:4 :   D:5 ?   D:10 *   Orc:2 *!=(   Elf:2 [   Elf:3 [   Snake:1 (
Snake:2 *?!*   Snake:4 [

Annotations:
D:14 exclusion: obsidian statue
Temple 2 transporters
Snake:3 1 transporter
Elf:1 exclusion: ice statue


Innate Abilities, Weirdness & Mutations

You have a pair of horns on your head.
You reflexively headbutt those who attack you in melee.


Message History

The javelin pierces through the fire bat!!
The fire bat is almost dead.
The javelin is repelled.
The javelin pierces through the deep elf master archer!!!
You kill the deep elf master archer!
Okawaru accepts your kill. You block the fire bat's attack.
Your life force feels restored.
You miss the fire bat. You headbutt the fire bat.
You kill the fire bat!
Okawaru accepts your kill.
The fire bat's shape twists and changes as it dies.
A deep elf annihilator comes into view. It is wielding a +0 rapier.
Nothing quivered!
You gain the combat prowess of a mighty hero.
The deep elf elementalist points at you and mumbles some strange words.
The fireball explodes!
The fireball engulfs you!!!
The deep elf elementalist gestures next to you while chanting.
The wall shatters!
The blast of rock fragments hits you.
You hear a shout! x3; You hear a trumpeting!
The deep elf elementalist points next to you and mumbles some strange words.
The wall shatters!
The blast of rock fragments hits you but does no damage.
The deep elf elementalist casts a spell at you.
The fireball explodes!
The fireball engulfs you!!
* * * LOW HITPOINT WARNING * * *
The deep elf elementalist gestures at you while chanting.
The freezing blast engulfs you but does no damage.
Things that are here:
a +0 scimitar; a +3 leather armour; a +0 short sword You are engulfed in freezing vapours.
You see here 2 boomerangs.
The deep elf elementalist is engulfed in freezing vapours. x2
The deep elf elementalist points next to you and mumbles some strange words.
The wall shatters!
The blast of rock fragments hits you but does no damage.
The deep elf elementalist is engulfed in freezing vapours.
The deep elf elementalist casts a spell at you.
The fireball explodes!
The fireball engulfs you!!!
You die...

#.....'## #.# ##.## ##...#'###
##.....#####.## ##.## ##)###'#^
#.............# ##.## #.# ##..
#.....#.#.#.#.######.####'###...
#................# ##'.....##...
##....#.....#....# ##.......##..
#...............###.........#..
##.#.#.....#....'.'.........##.
#.........e..@.###.........###
#...#.#.#.#....# #.........# #
###...°.)(..[..# #.........#
######e####### ##...?...## #.##
##.....## #e○# ####### ##.# #.#
#e#


You could see a deep elf annihilator and a deep elf elementalist (fast, repels
missiles).

Vanquished Creatures
  Vashnia (Snake:2)
  Saint Roka (Snake:2)
  Nikola (Snake:4)
  Jorgrun (Snake:3)
  Rupert (D:13)
  A tentacled monstrosity (Swamp:3)
  A deep elf blademaster (Elf:3)
  A deep elf master archer (Elf:3)
  Frances (Elf:1)
  The ghost of Teimean the Eclecticist, an adept DsNe of Gozag (Elf:1)
  Aizul (Snake:3)
  Roxanne (Swamp:2)
  6 nagarajas
  2 azure jellies
  2 rockslimes (D:14)
  3 deep elf sorcerers (Elf:3)
  A deep elf elementalist (Elf:3)
  3 ghouls
  A quicksilver ooze (D:14)
  The ghost of Peqemp the Warrior, a journeyman MiMo of Okawaru (D:14)
  Nessos (D:13)
  3 deep elf death magi
  5 eleionomae
  5 bunyips
  2 deep elf annihilators (Elf:3)
  A deep elf demonologist (Elf:1)
  The ghost of Hab Okin the Martial Artist, a journeyman GnSh of Hepliaklqana (Lair:4)
  4 shambling mangroves
  2 deep elf high priests
  8 vault guards (D:14)
  3 ice dragons (Swamp:4)
  Erolcha (D:13)
  4 salamander tyrants (Snake:4)
  12 hydras
  9 alligators
  Erica (D:8)
  5 anacondas
  3 centaur warriors
  7 ghost crabs
  31 dancing weapons
  A two-headed ogre (D:14)
  5 boulder beetles
  11 naga warriors
  2 tengu warriors (D:13)
  3 shock serpents (Snake:4)
  2 occultists (Volcano)
  2 hell hogs (Lair:5)
  13 naga sharpshooters
  10 death yaks
  5 orc high priests (Orc:2)
  8 spriggans
  19 deep elf knights
  3 skysharks
  3 skeletal warriors (D:13)
  7 salamander mystics
  4 swamp dragons
  A spriggan druid (Swamp:4)
  A spectral hydra (Lair:3)
  5 goliath frogs
  9 naga ritualists
  A lindwurm (Lair:5)
  10 mana vipers
  7 bog bodies
  8 deep elf archers
  7 orc knights
  3 thermic dynamos (Elf:1)
  31 deep elf pyromancers
  17 deep elf zephyrmancers
  A manticore (D:14)
  9 ugly things
  4 orc sorcerers
  2 cyclopes
  9 salamanders
  9 will-o-the-wisps
  Maurice (D:9)
  5 toenail golems (Volcano)
  8 elephants
  A meliai (Lair:4)
  A guardian serpent (Snake:2)
  30 black mambas
  2 torpor snails
  16 naga magi
  A black mamba (shapeshifter) (D:14)
  A kobold blastminer (Orc:2)
  2 molten gargoyles (Lair:5)
  Maggie (D:7)
  A gargoyle (D:11)
  An unseen horror zombie (D:9)
  Jeremiah (D:7)
  10 cane toads
  2 unseen horrors (D:12)
  2 kobold demonologists
  3 rime drakes
  10 komodo dragons
  5 freezing wraiths
  A spectral skyshark (Lair:3)
  2 polar bears
  6 trolls
  12 hornets
  A queen bee (Lair:4)
  2 bloated husks (Swamp:3)
  9 tyrant leeches
  12 blink frogs
  2 spriggans (shapeshifter) (Elf:3)
  4 water elementals
  10 slime creatures (D:14)
  2 shadows
  3 air elementals
  A wraith (D:13)
  9 wyverns
  66 yaks
  3 vampires
  9 basilisks
  5 humans (Volcano)
  3 swamp worm simulacra (Swamp:4)
  2 fire elementals (Elf:1)
  A fire bat (shapeshifter) (Elf:3)
  5 vampire mosquitoes
  A warg (Orc:1)
  5 steam dragons
  51 nagas
  24 swamp worms
  14 hydra simulacra (Swamp:4)
  An acid dragon (D:12)
  19 water moccasins
  Duvessa (D:4)
  5 hell hounds
  A spectral torpor snail (Lair:3)
  6 swamp drakes
  45 orc warriors
  2 sky beasts (D:7)
  3 black bears
  The ghost of Pascal76 the Shield-Bearer, an amateur MiFi (D:3)
  2 ice beasts
  4 ogres
  8 centaurs
  9 wolves (Lair:3)
  4 kobold brigands
  A phantom (D:6)
  A spectral wyvern (Lair:3)
  3 earth elementals
  8 bullfrogs
  A gnoll sergeant (D:9)
  6 scorpions
  9 wights
  Dowan (D:4)
  11 killer bees
  3 howler monkeys (D:7)
  2 electric eels
  5 lava snakes (Lair:5)
  A crimson imp (Orc:1)
  A human zombie (Ossuary)
  24 orc priests
  2 centaur zombies (D:9)
  8 jellies
  2 bombardier beetles
  6 hounds
  A sleepcap (D:7)
  A gnoll bouda (D:3)
  8 iguanas
  An iron imp (Orc:1)
  Crazy Yiuf (D:7)
  19 orc wizards
  5 scorpion zombies (Ossuary)
  A killer bee zombie (D:9)
  2 howler monkey zombies (D:9)
  3 mummies (Ossuary)
  11 adders
  20 gnolls
  2 shadow imps
  2 white imps
  5 ufetubi
  5 swamp drake simulacra (Swamp:4)
  3 dart slugs
  A ribbon worm (D:2)
  95 orcs
  7 bats
  11 endoplasms
  5 giant cockroaches
  5 gnoll zombies (Ossuary)
  9 goblins
  9 hobgoblins
  2 jackals (D:3)
  2 quokkas
  2 ball pythons
  4 frilled lizards
  2 goblin zombies (D:6)
  4 jackal zombies (Ossuary)
  24 kobolds
  2 kobold zombies (Ossuary)
  7 rats
1227 creatures vanquished.

Vanquished Creatures (others)
  An eleionoma (Swamp:4)
  2 deep elf knights (Elf:3)
  5 bloated husks
  2 tyrant leeches (Swamp:3)
  2 hornets (Swamp:4)
  2 spriggans (Swamp:4)
  A basilisk (Lair:5)
  2 nagas (Snake:4)
  2 orcs
  38 foxfires
57 creatures vanquished.

Grand Total: 1284 creatures vanquished

Notes
Turn   | Place    | Note
-------+----------+-------------------------------------------
     0 | D:1      | martty the Minotaur Fighter began the quest for the Orb.
     0 | D:1      | Reached XP level 1. HP: 19/19 MP: 0/0
   328 | D:1      | Reached XP level 2. HP: 25/27 MP: 1/1
   609 | D:2      | Reached XP level 3. HP: 33/33 MP: 2/2
   770 | D:2      | Found a faded altar of an unknown god.
   927 | D:2      | Reached XP level 4. HP: 40/40 MP: 3/3
  1531 | D:3      | Found a sparkling altar of Nemelex Xobeh.
  1575 | D:3      | Reached XP level 5. HP: 45/47 MP: 4/4
  1680 | D:3      | Reached skill level 5 in Fighting
  1680 | D:3      | Reached skill level 5 in Armour
  1743 | D:3      | Reached skill level 5 in Shields
  1928 | D:3      | Reached XP level 6. HP: 56/56 MP: 5/5
  2154 | D:3      | Found a runed translucent door.
  2156 | D:3      | Noticed Pascal76's ghost (amateur MiFi)
  2441 | D:3      | Found a broken altar of Ashenzari.
  2457 | D:4      | Found a white marble altar of Elyvilon.
  2546 | D:4      | Reached XP level 7. HP: 62/62 MP: 6/6
  2594 | D:4      | Reached skill level 5 in Axes
  2696 | D:4      | Noticed Duvessa
  2696 | D:4      | Noticed Dowan
  2714 | D:4      | Killed Duvessa
  2719 | D:4      | Killed Dowan
  3025 | D:4      | Found Geidgh's Tiny Tomes.
  3192 | D:4      | Reached XP level 8. HP: 71/71 MP: 7/7
  3239 | D:4      | Found a stormy altar of Qazlal.
  3534 | D:5      | Entered Level 5 of the Dungeon
  3776 | D:5      | Found a shadowy altar of Dithmenos.
  4232 | D:5      | Found Meexecul's Magic Scroll Boutique.
  4235 | D:5      | Bought a scroll of identify for 24 gold pieces
  4235 | D:5      | Bought a scroll of teleportation for 36 gold pieces
  4412 | D:6      | Found a sand-covered staircase.
  4437 | Ossuary  | Entered an ossuary
  4578 | Ossuary  | Reached XP level 9. HP: 80/81 MP: 8/8
  4808 | D:6      | Found a snail-covered altar of Cheibriados.
  5416 | D:7      | Identified the staff of Dullness {rPois Earth}
  5449 | D:7      | Found a runed translucent door.
  5450 | D:7      | Noticed Crazy Yiuf
  5474 | D:7      | Found a staircase to the Ecumenical Temple.
  5484 | Temple   | Found a transporter.
  5484 | Temple   | Found a transporter.
  5484 | Temple   | Found a transporter.
  5484 | Temple   | Found a transporter.
  5484 | Temple   | Entered the Ecumenical Temple
  5496 | D:7      | Found a burning altar of Makhleb.
  5815 | D:7      | Noticed Maggie
  5830 | D:7      | Killed Maggie
  6164 | D:7      | Noticed Jeremiah
  6614 | D:8      | Reached XP level 10. HP: 79/91 MP: 9/9
  7079 | D:8      | Reached skill level 10 in Armour
  7144 | D:8      | Noticed Erica
  7777 | D:8      | Found a staircase to the Lair.
  7898 | D:8      | Reached skill level 10 in Fighting
  7898 | D:8      | Reached skill level 10 in Shields
  8005 | D:8      | Found a blossoming altar of Fedhas.
  8103 | D:8      | Killed Erica
  8104 | D:8      | Reached skill level 10 in Axes
  8686 | Lair:1   | Entered Level 1 of the Lair of Beasts
  8787 | Lair:1   | Noticed a cane toad
  8797 | Lair:1   | Killed a cane toad
  9171 | Lair:1   | Noticed a cane toad
  9172 | Lair:1   | Noticed a cane toad
  9214 | Lair:1   | Reached XP level 11. HP: 78/101 MP: 10/10
  9537 | Lair:2   | Found a dark tunnel.
  9558 | Volcano  | Entered a volcano
  9599 | Volcano  | Noticed an occultist
  9603 | Volcano  | Killed an occultist
  9967 | Volcano  | Noticed a +2 mace of flaming
  9967 | Volcano  | Noticed an occultist
  9975 | Volcano  | Killed a +2 mace of flaming
  9985 | Volcano  | Killed an occultist
 10147 | Volcano  | Noticed an orc sorcerer
 10384 | Lair:2   | Noticed a skyshark
 10453 | Lair:1   | Identified the +8 plate armour of the New World {rElec
                  | rPois}
 10956 | Lair:1   | Killed a skyshark
 11229 | D:5      | Bought a scroll of enchant armour for 90 gold pieces
 11229 | D:5      | Bought a scroll of noise for 12 gold pieces
 11229 | D:5      | Bought a scroll of identify for 24 gold pieces
 11229 | D:5      | Bought a scroll of butterflies for 48 gold pieces
 11551 | D:9      | Reached XP level 12. HP: 103/111 MP: 11/11
 12036 | D:9      | Noticed a two-headed ogre
 12377 | D:9      | Found a staircase to the Orcish Mines.
 12405 | D:9      | Noticed Maurice
 12407 | D:9      | Maurice stole 4 throwing nets
 12411 | D:9      | Maurice stole a +4 ring of protection
 12414 | D:9      | Maurice stole a +0 battleaxe of freezing
 12421 | D:9      | Something stole a flux talisman
 12422 | D:9      | Something stole an orb of mayhem
 12425 | D:9      | Something stole 300 gold
 12426 | D:9      | Killed Maurice
 12727 | D:10     | Entered Level 10 of the Dungeon
 12733 | D:10     | Found a bloodstained altar of Trog.
 12826 | D:10     | Found a flagged portal.
 12837 | Bailey   | Entered a bailey
 13137 | Bailey   | Found a large runed translucent door.
 13137 | Bailey   | Found a large runed translucent door.
 13197 | Bailey   | Identified the +1 hat of the Chupacabra {Stlth+}
 13321 | D:10     | You fall into a shaft and drop 1 floor!
 13328 | D:11     | Noticed a four-headed hydra
 13555 | D:10     | Found a shimmering altar of Xom.
 13752 | D:10     | Found an iron altar of Okawaru.
 13758 | D:10     | Became a worshipper of Warmaster Okawaru
 13827 | D:10     | Found Suloa's Lightly-Used Armoury.
 14545 | Lair:2   | Reached * piety under Okawaru
 14825 | Lair:3   | Reached ** piety under Okawaru
 15031 | Lair:3   | Reached skill level 15 in Axes
 15151 | Lair:3   | Reached XP level 13. HP: 119/122 MP: 12/12
 15273 | Lair:3   | Reached *** piety under Okawaru
 15528 | Lair:3   | Found a staircase to the Snake Pit.
 15657 | Lair:3   | Found a staircase to the Swamp.
 16001 | Orc:1    | Entered Level 1 of the Orcish Mines
 16499 | Orc:1    | Identified the +1 hat of the Ward {Harm Will+ Int-5}
 16853 | Orc:2    | Entered Level 2 of the Orcish Mines
 17225 | Orc:2    | Found a roughly hewn altar of Beogh.
 17330 | Orc:2    | Reached **** piety under Okawaru
 17665 | Orc:2    | Reached ***** piety under Okawaru
 18184 | Orc:2    | Reached skill level 1 in Invocations
 18315 | Orc:2    | Found a staircase to the Elven Halls.
 18429 | Orc:2    | Found Zuyf's Weapon Boutique.
 18429 | Orc:2    | Found Ynkizod's Jewellery Boutique.
 18430 | Orc:2    | Found Zurratwe's Distillery.
 18430 | Orc:2    | Found Alytis's General Store.
 18446 | Orc:2    | Bought a potion of berserk rage for 55 gold pieces
 18446 | Orc:2    | Bought a potion of enlightenment for 55 gold pieces
 18446 | Orc:2    | Bought a potion of curing for 33 gold pieces
 18964 | Snake:1  | Entered Level 1 of the Snake Pit
 18985 | Snake:1  | Received a gift from Okawaru
 19258 | Snake:1  | Found Ufass's Antique Weapon Shop.
 19269 | Snake:1  | Bought a masterwork war axe for 280 gold pieces
 19269 | Snake:1  | Identified the +1 war axe "Kacrab" {flame, rF++} (You
                  | bought it in a shop on level 1 of the Snake Pit)
 19436 | Snake:1  | Reached XP level 14. HP: 105/132 MP: 4/14
 19715 | Snake:1  | Received a gift from Okawaru
 20586 | Lair:4   | Found a transporter.
 20586 | Lair:4   | Noticed Hab Okin's ghost (journeyman GnSh)
 20590 | Lair:4   | Found a transporter.
 21070 | Lair:5   | Entered Level 5 of the Lair of Beasts
 21479 | Lair:4   | Received a gift from Okawaru
 21560 | Lair:5   | Found a staircase to the Slime Pits.
 21560 | Lair:5   | Found a viscous altar of Jiyva.
 22190 | Lair:5   | Reached skill level 15 in Armour
 22318 | Lair:5   | Reached skill level 15 in Fighting
 22324 | Lair:5   | Reached skill level 1 in Throwing
 22324 | Lair:5   | Reached skill level 15 in Shields
 22347 | Lair:5   | Received a gift from Okawaru
 22945 | Lair:5   | Found a large runed translucent door.
 22946 | Lair:5   | Found a large runed translucent door.
 22969 | Lair:5   | Reached skill level 5 in Invocations
 23613 | Snake:2  | Reached XP level 15. HP: 103/141 MP: 15/17
 23826 | Snake:2  | Found Voudofush's Magic Scroll Boutique.
 23835 | Snake:2  | Found Upighi's General Store.
 23835 | Snake:2  | Found Figewnets's Assorted Antiques.
 23840 | Snake:2  | Found Ceex's Distillery.
 23954 | Snake:2  | Noticed Vashnia
 24179 | Snake:2  | Noticed Saint Roka
 24230 | Snake:2  | Killed Saint Roka
 24577 | Snake:2  | Killed Vashnia
 24577 | Snake:2  | Received a gift from Okawaru
 24838 | Snake:2  | Noticed a nagaraja
 24938 | Snake:2  | Killed a nagaraja
 25543 | Snake:2  | Bought a scroll of identify for 26 gold pieces
 25551 | Snake:2  | Bought a scroll of identify for 26 gold pieces
 25580 | Snake:3  | Identified the serpent talisman of the Endless Expanse
                  | {rElec Str+3 Dex+3}
 25580 | Snake:3  | Noticed Aizul
 25793 | Snake:3  | Reached skill level 1 in Evocations
 25927 | Snake:3  | Noticed a nagaraja
 25928 | Snake:3  | Noticed a nagaraja
 25932 | Snake:3  | Found a transporter.
 25933 | Snake:3  | Found a shimmering blue altar of Sif Muna.
 25938 | Snake:3  | Noticed a nagaraja
 26041 | Snake:3  | Reached skill level 5 in Throwing
 26226 | Snake:3  | Killed Aizul
 26363 | Snake:3  | Noticed Jorgrun
 26595 | Snake:3  | Received a gift from Okawaru
 26759 | Snake:4  | Entered Level 4 of the Snake Pit
 27566 | D:12     | Identified the +1 hand cannon "Xumo" {heavy, rF- Str+8
                  | Stlth-}
 28379 | D:13     | Noticed Nessos
 28403 | D:13     | Killed Nessos
 28403 | D:13     | Received a gift from Okawaru
 28494 | D:13     | Noticed Erolcha
 28503 | D:13     | Killed Erolcha
 28537 | D:13     | Noticed Rupert
 28838 | D:13     | Reached XP level 16. HP: 147/152 MP: 18/18
 29529 | D:14     | Found a runed translucent gate.
 29529 | D:14     | Found a runed translucent gate.
 29529 | D:14     | Found a runed translucent gate.
 29529 | D:14     | Noticed Peqemp's ghost (journeyman MiMo)
 29553 | D:14     | Found a gate to the Vaults.
 29773 | D:14     | Received a gift from Okawaru
 30079 | D:14     | Found a viscous altar of Jiyva.
 30380 | D:14     | Reached skill level 5 in Evocations
 30649 | D:14     | Identified the +3 plate armour of Understanding {rPois
                  | rCorr Str+3}
 30654 | D:14     | Identified the staff of the Harvest {rPois Str+3 Earth
                  | Alchemy}
 30803 | D:14     | Killed Peqemp's ghost
 30810 | D:15     | Entered Level 15 of the Dungeon
 31636 | Snake:4  | Received a gift from Okawaru
 32611 | Snake:4  | Received a gift from Okawaru
 33021 | Snake:4  | Noticed Nikola
 33314 | Snake:2  | Upgraded the game from 0.32-a0-470-g255bbe2f98 to
                  | 0.32-a0-530-gb6d6f0d0ac
 33490 | Elf:1    | Entered Level 1 of the Elven Halls
 33652 | Swamp:1  | Entered Level 1 of the Swamp
 33763 | Swamp:1  | Reached XP level 17. HP: 142/162 MP: 19/19
 34628 | Swamp:1  | Upgraded the game from 0.32-a0-530-gb6d6f0d0ac to
                  | 0.32-a0-607-g64ea0e4219
 35154 | Swamp:2  | Noticed Roxanne
 35209 | Swamp:2  | Killed Roxanne
 35209 | Swamp:2  | Received a gift from Okawaru
 36935 | Swamp:3  | Received a gift from Okawaru
 37158 | Swamp:3  | Noticed a tentacled monstrosity
 37378 | Swamp:3  | Got Sif Muna's Volume of the Adder and Mud
 37517 | Snake:3  | Killed Jorgrun
 37539 | Snake:3  | Identified the +8 flail of the Witching Coward {chaos,
                  | ^Contam rPois Will+++ Int-5}
 38329 | Snake:4  | Killed Nikola
 38664 | Snake:4  | Found Giopif's Antique Armour Shop.
 39004 | Snake:4  | Got a serpentine rune of Zot
 39433 | D:3      | Killed Pascal76's ghost
 39722 | D:7      | Killed Jeremiah
 39896 | D:7      | Killed Crazy Yiuf
 39901 | D:7      | Identified the +1 hammer "Atyneuc" {venom, Str+5 Int+2}
 39902 | D:7      | Identified the +4 hammer of Valiance {drain, rF+ Stlth+}
 40335 | D:13     | Killed Rupert
 40876 | Lair:4   | Killed Hab Okin's ghost
 40876 | Lair:4   | Received a gift from Okawaru
 41221 | Orc:2    | Reached XP level 18. HP: 94/173 MP: 21/21
 41613 | Elf:1    | Paralysed by an air elemental for 1 turns
 41618 | Elf:1    | Paralysed by an air elemental for 1 turns
 41635 | Elf:1    | Found a runed translucent door.
 41635 | Elf:1    | Found a shimmering altar of Xom.
 41635 | Elf:1    | Noticed Teimean's ghost (adept DsNe)
 41644 | Elf:1    | Reached skill level 10 in Throwing
 41698 | Elf:1    | Killed Teimean's ghost
 41890 | Elf:1    | Identified the staff of Ingux {+Blink rF+ Will+ SInv Fire}
 42005 | Elf:1    | Identified the +0 scale mail of Cynicism {-Cast +Blink rN+
                  | Stlth+}
 42077 | Elf:1    | Noticed Frances
 42133 | Elf:1    | Killed Frances
 43043 | Elf:2    | Noticed a Hell Sentinel
 43232 | Elf:2    | Paralysed by an air elemental for 1 turns
 43759 | Elf:2    | Found Tupexopp's Armour Emporium.
 44185 | Swamp:3  | Killed a tentacled monstrosity
 44562 | Swamp:4  | Entered Level 4 of the Swamp
 44887 | Swamp:4  | Received a gift from Okawaru
 45435 | Swamp:4  | Identified the ring of Ignis's Whim {Fire ^Drain rCorr
                  | Int-3 Stlth+}
 45984 | Swamp:4  | Got a decaying rune of Zot
 46921 | Snake:4  | Received a gift from Okawaru
 48091 | Elf:2    | Found a runed translucent gate.
 48091 | Elf:2    | Found a runed translucent gate.
 48091 | Elf:2    | Found a runed translucent gate.
 48414 | Elf:2    | Reached XP level 19. HP: 121/183 MP: 21/24
 48702 | Elf:2    | Received a gift from Okawaru
 49036 | Elf:3    | Entered Level 3 of the Elven Halls
 49710 | Elf:3    | Found Sigoid's Antique Armour Shop.
 50621 | Elf:3    | Received a gift from Okawaru
 51023 | Elf:3    | Killed from afar by a deep elf elementalist

Illustrated notes

Levels and vault maps discovered:
D:1:      roderic_crossed_star, layout_basic
D:2:      layout_loops_corners, shapermc_ecumenical_altar_acropolis
D:3:      layout_rooms, mainiacjoe_overflow_catwalk, ashenzari_altar_1,
          ebering_ghost_inner_flame, minmay_strange_pillars,
          grunt_decor_fettered, minmay_misc_feat_hallway,
          kennysheep_generic_room_3
D:4:      layout_basic, mainiacjoe_overflow_surrounded_room,
          mainiacjoe_overflow_concentric_impassable, palyth_stone_intersect,
          nicolae_shop_i_like_small_books_too, uniq_duvessa
D:5:      layout_basic, nicolae_dithmenos_through_a_glass_darkly, serial_shops,
          nicolae_shop_behind_doors
D:6:      layout_loops_ring, kennysheep_slug_shrine, enter_ossuary_4,
          minmay_a_box_with_orc_wizards_in_it
D:7:      layout_basic, mainiacjoe_overflow_tiny_flanked,
          minmay_temple_entry_gardened_gates, uniq_maggie,
          uniq_crazy_yiuf_cottage, uniq_jeremiah
D:8:      layout_cave_pools, overflow_temple_1_default, minmay_lair_entry_grove,
          kennysheep_dice, uniq_erica
D:9:      layout_loops_corners, orc_0_dummy, serial_undead, serial_undead_c,
          serial_undead_b, serial_undead_e, serial_undead_b, serial_undead_b,
          uniq_maurice
D:10:     layout_roguey, trog_butcher_becter, lemuel_tele_altar,
          xom_redecorated, enter_bailey_3, st_stairs_1, minmay_shop_damaged,
          nicolae_benzene_ring
D:11:     layout_cave_pools
D:12:     layout_long_grid
D:13:     layout_irregular_city, uniq_rupert, uniq_nessos, uniq_erolcha
D:14:     layout_basic, erik_vaults_2, small_statue_alley_a,
          gammafunk_ghost_ooze, hangedman_devilish_allure
D:15:     hellmonk_depths_entry_around_the_bend, layout_gridville,
          elyvilon_altar_5, grunt_decor_one_mirror
Temple:   hellmonk_temple_divided_pantheon
Lair:1:   layout_small_grid, minmay_hedge_maze, serial_bayou_shore_b
Lair:2:   layout_cave_shapes, enter_volcano_3, pdpol_lair_neglected_garden,
          minivault_25
Lair:3:   layout_layer_cave, nicolae_swamp_entry_spooky, dummy_snake_entry,
          lemuel_fruit_tree, infiniplex_staircase_pool
Lair:4:   layout_loops_ring, gammafunk_ghost_hive, grunt_megastairs_5
Lair:5:   cheibrodos_lair_end_hotspot, layout_long_grid,
          nicolae_slime_entry_slimehenge, grunt_forest_large_clearings,
          serial_bayou_shore_b
Swamp:1:  layout_basic_swamp, nicolae_swamp_well_well_well
Swamp:2:  layout_basic_swamp, hangedman_swamp_ruin_wall, uniq_roxanne
Swamp:3:  regret_index_all_hallows'_manor, layout_basic_swamp,
          serial_swamp_ruin, evilmike_swamp_ruin_house_3,
          evilmike_swamp_ruin_rubble_2, evilmike_swamp_ruin_house_1,
          swamp_pool_5, nzn_swamp_dancing_lights
Swamp:4:  swamp_icy, layout_basic_swamp
Snake:1:  layout_misc_corridors, special_room, serial_shops, shop
Snake:2:  layout_basic, grunt_megastairs_2, minmay_shoptagon, uniq_saint_roka,
          uniq_vashnia
Snake:3:  gammafunk_sealed_library, layout_basic, uniq_aizul, uniq_jorgrun
Snake:4:  minmay_snake_end_coiled, layout_cave_town, serial_shops, shop,
          uniq_nikola
Orc:1:    layout_caves, nicolae_orc_lava_tube, hangedman_minor_magic
Orc:2:    st_orc_pillars, layout_diamond_mine, basic_altar
Elf:1:    eino_elf_arrival_shootout, layout_geoelf_octagon, ebering_ghost_xom,
          guppyfry_elf_altar, uniq_frances
Elf:2:    nicolae_elf_blades_splatter_lattice [mumra_blade_entry_bloodbath],
          layout_geoelf_octagon, serial_shops, nicolae_shop_trees, serial_glass,
          glass_columns_b, glass_columns_b, due_unseen_surprise,
          minmay_strange_pillars, minmay_strange_pillars, lemuel_upstairs_altar
Elf:3:    minmay_elf_hall, layout_geoelf_octagon, serial_shops, shop,
          st_stairs_2

Skill      XL: |  1  2  3  4  5  6  7  8  9 10 11 12 13 14 15 16 17 18 19 |
---------------+----------------------------------------------------------+-----
Armour         | 4 5 6 7 9 10 12 13 14 15 16 17 18 19 | 19.9
Fighting       | 4 5 6 7 9 10 11 13 14 15 16 17 18 19 | 19.9
Shields        | 4 5 6 7 9 10 11 13 14 15 16 17 18 19 | 19.9
Axes           | 3 4 5 7 9 10 13 15 16 18 | 18.0
Invocations    | 2 5 6 8 9 |  9.3
Throwing       | 2 6 8 9 11 | 11.9
Evocations     | 3 6 7 |  7.2

Action                     |  1- 3 |  4- 6 |  7- 9 | 10-12 | 13-15 | 16-18 | 19-21 || total
---------------------------+-------+-------+-------+-------+-------+-------+-------++-------
  Melee: War axe           |    55 |   170 |   333 |   560 |   268 |   625 |    39 ||  2050
         Headbutt          |    10 |    16 |    54 |   123 |   279 |   394 |    29 ||   905
         Broad axe         |       |       |       |       |   906 |   871 |    98 ||  1875
  Throw: Dart              |     2 |       |       |     5 |       |    55 |     2 ||    64
         Stone             |       |    21 |     1 |       |       |       |       ||    22
         Throwing net      |       |       |     1 |       |       |     1 |       ||     2
         Javelin           |       |       |       |       |       |    66 |    45 ||   111
 Invoke: Heroism           |       |       |       |       |    24 |    23 |     3 ||    50
         Finesse           |       |       |       |       |       |       |     1 ||     1
  Evoke: Wand              |       |       |     7 |       |       |     5 |       ||    12
    Use: Potion            |       |       |     2 |     8 |       |     6 |     1 ||    17
         Scroll            |       |       |     6 |     8 |    11 |     6 |       ||    31
   Stab: Distracted        |       |       |       |       |     1 |       |       ||     1
         Invisible         |       |       |       |       |       |     2 |       ||     2
 Armour: Scale mail        |    37 |   112 |    87 |       |       |       |       ||   236
         Plate armour      |       |       |   182 |   448 |   625 |   924 |   115 ||  2294
         Skin              |       |       |       |     6 |       |       |       ||     6
  Dodge: Dodged            |    25 |    77 |   136 |   181 |   317 |   292 |    16 ||  1044
         Repelled          |       |       |       |       |       |     4 |       ||     4
  Block: Buckler           |    12 |    51 |    78 |   150 |    79 |       |       ||   370
         Kite shield       |       |       |       |       |   469 |  1048 |   100 ||  1617
         Reflection        |       |       |       |       |       |    57 |    12 ||    69

Table legend: (Time is in decaauts)
 A = Elapsed time spent in this place.
 B = Non-inter-level travel time spent in this place.
 C = Inter-level travel time spent in this place.
 D = Time resting spent in this place.
 E = Time spent auto-exploring this place.
 F = Levels seen in this place.
 G = Mean time per level.
                   A        B        C        D        E       F      G
               +--------+--------+--------+--------+--------+-----+--------+
         Total |  50877 |  45028 |   5849 |  12592 |  14528 |  37 | 1375.1 |
       Dungeon |  17261 |  14675 |   2586 |   2252 |   6849 |  15 | 1150.7 |
        Temple |      1 |      1 |      0 |      0 |      0 |   1 |    1.0 |
          Lair |   8190 |   6910 |   1280 |   1222 |   2784 |   5 | 1638.0 |
         Swamp |   6708 |   6167 |    541 |   2181 |   1643 |   4 | 1677.0 |
     Snake Pit |   8454 |   7842 |    612 |   3401 |   1474 |   4 | 2113.5 |
  Orcish Mines |   3139 |   2655 |    484 |    632 |    777 |   2 | 1569.5 |
   Elven Halls |   5873 |   5528 |    345 |   2410 |    924 |   3 | 1957.7 |
       Ossuary |    215 |    215 |      0 |      0 |     29 |   1 |  215.0 |
        Bailey |    427 |    427 |      0 |    133 |     47 |   1 |  427.0 |
       Volcano |    606 |    606 |      0 |    357 |      0 |   1 |  606.0 |
               +--------+--------+--------+--------+--------+-----+--------+

Top non-repeatable levels by time:
 Snake:4: 3187 daAuts
 Snake:2: 2461 daAuts
  Lair:5: 2407 daAuts
   Elf:1: 2271 daAuts
 Swamp:3: 2200 daAuts
   Orc:2: 2100 daAuts
   Elf:2: 2073 daAuts
     D:7: 2004 daAuts
     D:8: 1935 daAuts
  Lair:3: 1924 daAuts
 Swamp:4: 1871 daAuts
    D:14: 1718 daAuts
  Lair:1: 1674 daAuts
 Snake:3: 1635 daAuts
 Swamp:2: 1593 daAuts
